 Dungeon Crawl Stone Soup version 0.20-a0-443-g0464b71 (console) character file.

72 HarryHood the Covered (level 4, -2/29 HPs)
             Began as a Gargoyle Fighter on Jan 7, 2017.
             Slain by lancediamond's ghost (9 damage)
             ... on level 3 of the Dungeon.
             The game lasted 00:06:34 (1481 turns).

HarryHood the Covered (Gargoyle Fighter)            Turns: 1481, Time: 00:06:35

Health: -2/29      AC: 10    Str: 19    XL:     4   Next: 25%
Magic:  4/4        EV:  7    Int:  9    God:
Gold:   179        SH:  9    Dex: 10    Spells: 3/3 levels left

rFire  . . .     SeeInvis .     a - +0 flail
rCold  . . .     Gourm    .     b - +0 scale mail
rNeg   + . .     Faith    .     k - +0 shield
rPois  ∞         Spirit   .     (no helmet)
rElec  +         Reflect  .     (no cloak)
rCorr  .         Harm     .     (no gloves)
MR     .....                    (no boots)
Stlth  ..........               (no amulet)
                                (no ring)
                                (no ring)

@: no status effects
A: negative energy resistance 1, electricity resistance, unbreathing,
petrification resistance, rot immunity, AC +3
a: no special abilities


You were on level 3 of the Dungeon.
You were not hungry.

You visited 1 branch of the dungeon, and saw 3 of its levels.

You collected 179 gold pieces.

Inventory:

Hand Weapons
 a - a +0 flail (weapon)
Missiles
 h - 6 poisoned tomahawks (quivered)
Armour
 b - a +0 scale mail (worn)
 k - a +0 shield (worn)
Wands
 s - a wand of clouds (5/9)
Scrolls
 e - 4 scrolls of teleportation {@r0}
 i - a scroll of remove curse {@r2}
 j - 3 scrolls of fog
 p - a scroll of enchant armour {unknown}
 q - a scroll of fear {unknown}
 r - a scroll of identify {@r1}
Potions
 c - a potion of mutation {!q}
 d - 2 potions of might
 g - a potion of invisibility {unknown}
 l - 2 potions of flight {unknown}
Comestibles
 f - 2 bread rations {@e1}
 m - a beef jerky {@e2}
 n - 2 meat rations {@e1}
 o - 6 chunks of flesh


   Skills:
 + Level 3.7 Fighting
 * Level 3.3 Maces & Flails
 + Level 3.8 Armour
 + Level 3.7 Shields


You had 3 spell levels left.
You didn't know any spells.

Dungeon Overview and Level Annotations

Branches:
Dungeon (3/15)

Altars:

Annotations:
D:3 lancediamond's ghost, amateur TrFi


Innate Abilities, Weirdness & Mutations

You are resistant to torment.
Your stone body is resilient. (AC +3)
You are immune to poison.
You resist negative energy. (rN+)
You are resistant to electric shocks. (rElec)
You can survive without breathing.
You are immune to petrification.
You are immune to rotting.


Message History

Lancediamond's ghost is heavily damaged.
Lancediamond's ghost hits you but does no damage.
Lancediamond's ghost hits you!
* * * LOW HITPOINT WARNING * * *
You hit lancediamond's ghost.
Lancediamond's ghost is heavily damaged.
Lancediamond's ghost hits you.
* * * LOW HITPOINT WARNING * * *
Okay, then.
You thump lancediamond's ghost!
Lancediamond's ghost is severely damaged.
You block lancediamond's ghost's attack.
You barely miss lancediamond's ghost.
Lancediamond's ghost is severely damaged.
You block lancediamond's ghost's attack.
Lancediamond's ghost barely misses you.
You sock lancediamond's ghost!
Lancediamond's ghost is almost destroyed.
Lancediamond's ghost hits you!
You die...

#.#÷#.## ..÷....#
#.#.#.## .###### .# .#
.#
.###################.#
........(.......@W...#
.#####################
##


You could see lancediamond's ghost.

Vanquished Creatures
  3 adders
  2 oozes (D:3)
  A worm (D:2)
  A dart slug (D:3)
  3 giant cockroaches
  2 goblins
  2 hobgoblins
  4 jackals (D:1)
  5 kobolds
  A bat (D:2)
  4 frilled lizards
  6 rats
34 creatures vanquished.

Notes
Turn   | Place    | Note
-------+----------+-------------------------------------------
     0 | D:1      | HarryHood the Gargoyle Fighter began the quest for the Orb.
     0 | D:1      | Reached XP level 1. HP: 14/14 MP: 1/1
   187 | D:1      | Reached XP level 2. HP: 18/19 MP: 2/2
   635 | D:2      | Reached XP level 3. HP: 23/23 MP: 3/3
   924 | D:2      | Reached skill level 3 in Maces & Flails
  1367 | D:3      | Reached XP level 4. HP: 28/28 MP: 4/4
  1469 | D:3      | Noticed lancediamond's ghost (amateur TrFi)
  1481 | D:3      | Slain by lancediamond's ghost

Vault maps used:
D:1:      kennysheep_arrival_forest
D:3:      st_stairs_11, uniq_jessica

Skill      XL: |  1  2  3 |
---------------+----------+-----
Maces & Flails | 3 |  3.3
Fighting       | |  3.7
Armour         | |  3.8
Shields        | |  3.7

Action                   |  1- 3 |  4- 6 || total
-------------------------+-------+-------++-------
Melee: Flail             |   129 |    18 ||   147
  Use: Scroll            |     7 |       ||     7
  Eat: Chunk             |     2 |       ||     2
Armor: Scale mail        |    74 |     8 ||    82
Dodge: Dodged            |    52 |     3 ||    55
Block: Shield            |    81 |     5 ||    86
